 Dungeon Crawl Stone Soup version 0.17-a0-483-g810ce3f (console) character file.

133 vogonpoet the Insei (level 4, -2/35 HPs)
             Began as a Draconian Transmuter on Apr 8, 2015.
             Slain by a centaur (7 damage)
             ... on level 4 of the Dungeon.
             The game lasted 00:05:46 (2051 turns).

vogonpoet the Insei (Draconian Transmuter)          Turns: 2051, Time: 00:05:46

Health: -2/35      AC:  2    Str: 12    XL:     4   Next: 94%
Magic:  3/7        EV: 19    Int: 14    God:
Gold:   189        SH:  0    Dex: 17    Spells: 3 memorised, 1 level left

rFire  . . .     SeeInvis .       - Unarmed
rCold  . . .     Clarity  .     (armour unavailable)
rNeg   . . .     SustAb   .     (shield currently unavailable)
rPois  x         Gourm    .     (helmet currently unavailable)
rElec  .         Spirit   .     (cloak currently unavailable)
rCorr  .         Warding  .     (gloves currently unavailable)
rMut   .         Stasis   .     (boots currently unavailable)
MR     .....                    (no amulet)
Stlth  ++........               (no ring)
                                (no ring)

@: spider-form (expiring), not resistant to hostile enchantments, unstealthy
A: unfitting armour, (cold-blooded), AC +5
a: End Transformation


You were on level 4 of the Dungeon.
You were not hungry.
You were a venomous arachnid creature.
You visited 1 branch of the dungeon, and saw 4 of its levels.

You collected 189 gold pieces.

Inventory:

Hand weapons
 r - a +0 hunting sling
Missiles
 b - 46 arrows
 c - 44 stones (quivered)
 k - 24 bolts
 n - 12 poisoned needles
Armour
 l - a +2 pair of boots (melded)
 p - a +0 pair of gloves (melded)
 w - a +0 cloak (melded)
Magical devices
 m - a wand of polymorph (6)
 t - a wand of random effects (15)
Scrolls
 e - 2 scrolls of immolation {unknown}
 f - 2 scrolls of identify {unknown}
 h - 2 scrolls of remove curse {unknown}
 i - 3 scrolls of enchant weapon {unknown}
 q - a scroll of fog {unknown}
 v - a scroll of magic mapping {unknown}
 x - a scroll of teleportation {unknown}
 A - a scroll of blinking {unknown}
 B - a scroll of fear {unknown}
Potions
 u - 2 potions of heal wounds {unknown}
 z - a potion of berserk rage {unknown}
Books
 d - a book of Changes

   Spells                             Type                      Level
   a - Beastly Appendage              Transmutation                1
   b - Sticks to Snakes               Transmutation                2
   c - Spider Form                    Transmutation/Poison         3
   d - Ice Form                       Ice/Transmutation            4
   e - Blade Hands                    Transmutation                5
 y - a book of Annihilations {highlevel, unknown}

   This book is beyond your current level of understanding.

   Spells                             Type                      Level
   a - Poison Arrow                   Conjuration/Poison           6
   b - Chain Lightning                Conjuration/Air              8
   c - Lehudib's Crystal Spear        Conjuration/Earth            8
   d - Glaciate                       Conjuration/Ice              9
   e - Fire Storm                     Conjuration/Fire             9
Comestibles
 a - 3 bread rations
 g - 2 meat rations
 j - 2 royal jellies
 o - 6 fruits
 s - 2 beef jerkies
 C - 4 chunks of flesh


   Skills:
 - Level 1.1 Fighting
 - Level 1.7 Dodging
 + Level 4.2 Unarmed Combat
 - Level 2.0 Spellcasting
 - Level 4.2 Transmutations


You had one spell level left.
You knew the following spells:

 Your Spells              Type           Power        Failure   Level  Hunger
a - Beastly Appendage     Trmt           ##....       14%         1    ##.....
b - Sticks to Snakes      Trmt           ##........   24%         2    ###....
c - Spider Form           Trmt/Pois      #.........   52%         3    ####...


Dungeon Overview and Level Annotations

Branches:
Dungeon (4/15)
 Temple: D:4-7

Altars:


Innate Abilities, Weirdness & Mutations

((Your plain brown scales are hard (AC +5).))
Your body does not fit into most forms of armour.
((You are cold-blooded and may be slowed by cold attacks.))


Message History

The centaur shouts!
Found a pair of boots.
There is a stone staircase leading up here.
Casting: Spider Form
Confirm with . or Enter, or press ? or * to list all spells.
You turn into a venomous arachnid creature.
Your +0 cloak melds into your body.
Your +0 pair of gloves melds into your body.
Your +2 pair of boots melds into your body.
The centaur wields a shortbow.
The centaur shoots an arrow.
The arrow hits you.
The centaur shoots an arrow.
The arrow completely misses you.
The centaur shoots an arrow.
The arrow misses you.
The centaur shoots an arrow.
The arrow hits you!
The centaur shoots an arrow.
The arrow hits you!
* * * LOW HITPOINT WARNING * * *
You see here 2 arrows.
Your transformation is almost over.
The centaur unwields an uncursed shortbow.
The centaur hits you!
You die...

#.....
#.....
.....
#..##
#.<##
##..##
###.##
##(##
##s#
##c[#
#..#
#...
#.##
##


You could see a centaur.

Vanquished Creatures
  Terence (D:3)
  An adder (D:3)
  3 gnolls (D:3)
  An ooze (D:2)
  7 orcs
  6 bats
  6 giant cockroaches
  8 goblins
  3 hobgoblins
  3 jackals (D:1)
  3 giant geckos
  3 giant newts
  5 kobolds
  A quokka skeleton (D:3)
  9 rats
60 creatures vanquished.

Notes
Turn   | Place    | Note
--------------------------------------------------------------
     0 | D:1      | vogonpoet, the Draconian Transmuter, began the quest for the Orb.
     0 | D:1      | Reached XP level 1. HP: 16/16 MP: 3/3
   352 | D:1      | Reached XP level 2. HP: 21/23 MP: 5/5
   760 | D:2      | Reached skill level 4 in Unarmed Combat
   865 | D:2      | Reached XP level 3. HP: 28/28 MP: 6/6
   877 | D:2      | Learned a level 2 spell: Sticks to Snakes
   881 | D:2      | Learned a level 3 spell: Spider Form
  1378 | D:3      | Noticed Terence
  1405 | D:3      | Killed Terence
  1405 | D:3      | Reached XP level 4. HP: 25/35 MP: 2/7
  2046 | D:4      | Noticed a centaur
  2051 | D:4      | Slain by a centaur

Action                   |  1- 3 |  4- 6 || total
-------------------------+-------+-------++-------
Melee: Unarmed           |   134 |    58 ||   192
 Cast: Spider Form       |     3 |     3 ||     6
       Beastly Appendage |       |     1 ||     1
  Eat: Chunk             |     2 |     3 ||     5
